AoeStats
← DYN_BenderGC

Arabia

510544445Analyzed
1v1 RM · 1d ago on Oct 1, 2026· 18m 42s· 2 players
Game mode
Random Map
Map size
Tiny (2 player)
Population
200
Speed
Normal
Resources
Standard
Victory
Conquest
Starting age
Dark Age
Ending age
Imperial Age
RankedLock teamsTeams togetherTeam positionsShared explorationLock speedFull tech treeHidden civsTurbo modeCheats
Victory
Defeat
🇷🇺 Cumans · Russia
1717
+12
🇵🇪 Ethiopians · Peru
1630
-12
DYN_BenderGC
6:29 Loom
8:56 Feudal Age
12:27 Fletching
mercurial
5:05 Loom
9:25 Feudal Age
10:18 Double-Bit Axe
10:52 Fletching
12:24 Town Watch
14:40 Padded Archer Armor
Connection lost

Rejoining the realm…

Still unreachable

The connection could not be restored.

Session expired

The server has moved on; the page needs a fresh start.